 Dungeon Crawl Stone Soup version 0.29.1-12-g30fa7ad0bf (webtiles) character file.

Game seed: 4448574155863128942

4 IcyTea the Sneak (level 1, 0/10 HPs)
             Began as a Kobold Enchanter on Dec 22, 2022.
             Slain by a jackal (1 damage)
             ... on level 1 of the Dungeon.
             The game lasted 00:01:15 (120 turns).

IcyTea the Sneak (Kobold Enchanter)                  Turns: 120, Time: 00:01:15

Health: 0/10       AC:  5    Str:  5    XL:     1   Next: 77%
Magic:  3/3        EV: 15    Int: 16    God:
Gold:   23         SH:  0    Dex: 15    Spells: 4/4 levels left

rFire   . . .      SeeInvis .   a - +1 dagger
rCold   . . .      Faith    .   (no shield)
rNeg    . . .      Spirit   .   b - +0 robe
rPois   .          Reflect  .   (no helmet)
rElec   .          Harm     .   (no cloak)
rCorr   .          Rampage  .   (no gloves)
Will    .....                   d - +2 pair of boots
Stlth   ++++......              (no amulet)
HPRegen 0.03/turn               (no ring)
MPRegen 0.08/turn               (no ring)

@: no status effects
A: small, no large weapons, nightstalker 3
a: no special abilities


You were on level 1 of the Dungeon.
You visited 1 branch of the dungeon, and saw 1 of its levels.

You collected 23 gold pieces.

Inventory:

Hand Weapons
 a - a +1 dagger (weapon)
Armour
 b - a +0 robe (worn)
 d - a +2 pair of boots (worn)
 e - a +0 ring mail
Potions
 c - 2 potions of invisibility


   Skills:
 - Level 1.3 Short Blades
 - Level 2.4 Dodging
 - Level 4.0 Stealth
 - Level 2.1 Spellcasting
 + Level 3.3 Hexes


You had 4 spell levels left.
You didn't know any spells.
Your spell library contained the following spells:

 Spells                   Type           Power      Damage    Failure   Level
 Ensorcelled Hibernation  Hex/Ice        14%        N/A       16%         2
 Confusing Touch          Hex            12%        N/A       16%         3
 Tukima's Dance           Hex            12%        N/A       16%         3
 Dazzling Flash           Conj/Hex       14%        N/A       30%         3


Dungeon Overview and Level Annotations

Branches:
Dungeon (1/15)

Altars:


Innate Abilities, Weirdness & Mutations

You are small and have problems with some larger weapons.
You are completely attuned to the shadows.


Message History

You hit the bat.
You kill the bat!
An endoplasm is nearby!
The helpless endoplasm fails to defend itself.
You impale the endoplasm!!
You kill the endoplasm!
A dart slug and a hobgoblin come into view.
The dart slug launches a dart at you. The slug dart hits you.
Ouch! That really hurt!
You hit the dart slug.
The dart slug is lightly wounded.
The dart slug launches a dart at you. The slug dart misses you.
You hit the dart slug.
The dart slug is moderately wounded.
The dart slug barely misses you.
You hit the dart slug.
The dart slug is heavily wounded.
The dart slug bites you.
* * * LOW HITPOINT WARNING * * *
You hit the dart slug but do no damage.
The dart slug is heavily wounded.
The hobgoblin shouts!
A frilled lizard comes into view.
A dart slug comes into view.
A jackal comes into view.
You hit the dart slug.
The dart slug is severely wounded.
The dart slug misses you.
You hit the dart slug but do no damage.
The dart slug is severely wounded.
The hobgoblin hits you.
* * * LOW HITPOINT WARNING * * *
The dart slug closely misses you.
You hit the dart slug.
You kill the dart slug!
The hobgoblin hits you but does no damage.
The frilled lizard bites you but does no damage.
The jackal bites you.
You die...

##...####......
...............
..............#†.
............##... ..#
..........#.#... ...#
##......##.#....
....##.#....#.##.....
...l#.#.#..#.#.#.....
....@#.##..##.#......
...h.g##....##.......
...w..#......#.......
......#......#.......
......##....##.......
##..##.#......
.#..#.#.#.....
#....#.##.....
......##.#....


You could see a dart slug, a jackal, a hobgoblin and a frilled lizard.

Vanquished Creatures
  A dart slug (D:1)
  An endoplasm (D:1)
  A goblin (D:1)
  A hobgoblin (D:1)
  A bat (D:1)
5 creatures vanquished.

Notes
Turn   | Place    | Note
-------+----------+-------------------------------------------
     0 | D:1      | IcyTea the Kobold Enchanter began the quest for the Orb.
     0 | D:1      | Reached XP level 1. HP: 10/10 MP: 3/3
   120 | D:1      | Slain by a jackal

Illustrated notes

Levels and vault maps discovered:
D:1:      lemuel_arrival_funnel, layout_loops_ring,
          minmay_misc_feat_secret_circle

Action                   || total
-------------------------++-------
Melee: Dagger            ||    12
 Stab: Sleeping          ||     3
Armor: Robe              ||     5
Dodge: Dodged            ||     9
